 Dungeon Crawl Stone Soup version 0.29.1-2-gbd0b4ee654 (webtiles) character file.

Game seed: 9159848771387714031

344 zeram the Shield-Bearer (level 6, -3/36 HPs)
             Began as a Deep Elf Fighter on Nov 18, 2022.
             Slain by Crazy Yiuf
             ... wielding a +3 quarterstaff of chaos
              (8 damage)
             ... on level 3 of the Dungeon.
             The game lasted 00:04:35 (3538 turns).

zeram the Shield-Bearer (Deep Elf Fighter)          Turns: 3538, Time: 00:04:35

Health: -3/36      AC:  8    Str: 13    XL:     6   Next: 31%
Magic:  8/8        EV: 10    Int: 15    God:
Gold:   157        SH:  5    Dex: 14    Spells: 5/5 levels left

rFire   . . .      SeeInvis .   f - +2 dagger (drain)
rCold   . . .      Faith    .   c - +0 buckler
rNeg    . . .      Spirit   .   b - +0 scale mail
rPois   .          Reflect  .   h - +0 helmet
rElec   .          Harm     .   (no cloak)
rCorr   +          Rampage  .   (no gloves)
Will    .....                   j - +0 pair of boots
Stlth   ..........              (no amulet)
HPRegen 0.12/turn               d - ring of resist corrosion
MPRegen 0.11/turn               (no ring)

@: no status effects
A: no striking features
a: no special abilities


You were on level 3 of the Dungeon.
You visited 1 branch of the dungeon, and saw 3 of its levels.

You collected 157 gold pieces.

Inventory:

Hand Weapons
 a - a +0 rapier
 f - a +2 dagger of draining (weapon)
Armour
 b - a +0 scale mail (worn)
 c - a +0 buckler (worn)
 h - a +0 helmet (worn)
 j - a +0 pair of boots (worn)
Jewellery
 d - a ring of resist corrosion (left hand)
Potions
 g - a potion of degeneration


   Skills:
 - Level 2.4 Fighting
 - Level 2.0 Short Blades
 - Level 2.4 Armour
 + Level 4.1 Dodging
 + Level 5.1 Shields


You had 5 spell levels left.
You didn't know any spells.
Your spell library contained the following spells:

 Spells                   Type           Power      Damage    Failure   Level
 Fulminant Prism          Conj/Hex       0%         3d6       100%        4
 Iskenderun's Mystic Bla  Conj/Tloc      0%         2d3       100%        4
 Lee's Rapid Deconstruct  Erth           0%         3d5*      100%        5


Dungeon Overview and Level Annotations

Branches:
Dungeon (3/15)

Altars:
Wu Jian

Annotations:
D:3 2 runed translucent doors, Crazy Yiuf


Message History

You hit Crazy Yiuf but do no damage.
Crazy Yiuf is moderately wounded.
You feel very sick.
You barely miss Crazy Yiuf.
Crazy Yiuf is moderately wounded.
You feel sick. Crazy Yiuf barely misses you.
You hit Crazy Yiuf but do no damage.
Crazy Yiuf is moderately wounded.
You feel sick.
Crazy Yiuf hits you with a +3 quarterstaff of chaos.
* * * LOW HITPOINT WARNING * * *
You easily resist.
You hit Crazy Yiuf but do no damage.
Crazy Yiuf is moderately wounded.
You feel sick. Crazy Yiuf completely misses you.
You hit Crazy Yiuf. You drain Crazy Yiuf.
Crazy Yiuf is heavily wounded.
You feel sick. Crazy Yiuf barely misses you.
You feel better.
Crazy Yiuf whimpers, "Trifle shoe ena!"
Crazy Yiuf hits you with a +3 quarterstaff of chaos!
* * * LOW HITPOINT WARNING * * *
Crazy Yiuf burns you.
* * * LOW HITPOINT WARNING * * *
You feel better.
Crazy Yiuf cries, "Line turtle sow!"
Crazy Yiuf hits you with a +3 quarterstaff of chaos!
* * * LOW HITPOINT WARNING * * *
You hit Crazy Yiuf.
Crazy Yiuf is severely wounded.
You block Crazy Yiuf's attack.
You barely miss Crazy Yiuf.
Crazy Yiuf is severely wounded.
Crazy Yiuf hits you with a +3 quarterstaff of chaos.
* * * LOW HITPOINT WARNING * * *
Crazy Yiuf draws strength from your wounds!
You barely miss Crazy Yiuf.
Crazy Yiuf is heavily wounded.
Crazy Yiuf hits you with a +3 quarterstaff of chaos!
You die...

#.###.##÷..# ♣♣...♣
#........# #
#.###.##...# ♣♣.♣♣
#........# #
#...####...# ♣♣.♣
#........# # #.###
#...# ♣.♣♣
#......<.# # ..#
##### ♣♣.♣
#........# # ####
#### ♣.♣♣
########.### ...#
#..# ##'## #....
.#.# #..# #.g.#
##>## .#.# #..#
#.@.# ###### #.#
.#.# #..# #)..#
#....# #.#
.#.######..# #####
#....# #.#
.#.?.......#
#....####.#
#########..#
##.........#
...........########
#.....######
..................#
#.....#
##..######....#.#.#
##.)..# ##.##
#......#.# ####.#


You could see Crazy Yiuf (very drained).

Vanquished Creatures
  Sigmund (D:3)
  4 gnolls
  3 adders
  A worm (D:2)
  A dart slug (D:1)
  3 orcs (D:3)
  5 ball pythons
  7 endoplasms
  7 giant cockroaches
  20 goblins
  7 hobgoblins (D:2)
  8 jackals
  7 kobolds
  3 quokkas
  8 bats
  3 frilled lizards
  7 rats
95 creatures vanquished.

Notes
Turn   | Place    | Note
-------+----------+-------------------------------------------
     0 | D:1      | zeram the Deep Elf Fighter began the quest for the Orb.
     0 | D:1      | Reached XP level 1. HP: 13/13 MP: 3/3
   137 | D:1      | Reached skill level 3 in Shields
   137 | D:1      | Reached XP level 2. HP: 7/18 MP: 4/4
   633 | D:1      | Reached XP level 3. HP: 21/22 MP: 5/5
   721 | D:1      | Found a faded altar of an unknown god.
  1477 | D:2      | Reached skill level 1 in Dodging
  1701 | D:2      | Reached XP level 4. HP: 22/27 MP: 6/6
  1719 | D:2      | Reached skill level 4 in Shields
  2106 | D:2      | Found an ornate altar of the Wu Jian Council.
  2685 | D:3      | Noticed Sigmund
  2692 | D:3      | Killed Sigmund
  2693 | D:3      | Reached XP level 5. HP: 14/31 MP: 7/7
  2693 | D:3      | Reached XP level 6. HP: 16/36 MP: 8/8
  3034 | D:3      | Identified the +10 long sword of Income {flame, rElec rC+
                  | Will+ Int+3}
  3149 | D:3      | Found a large runed translucent door.
  3156 | D:3      | Reached skill level 5 in Shields
  3191 | D:3      | Found a large runed translucent door.
  3355 | D:3      | Found a runed translucent door.
  3356 | D:3      | Noticed Crazy Yiuf
  3538 | D:3      | Slain by Crazy Yiuf

Illustrated notes

Levels and vault maps discovered:
D:1:      dpeg_arrival_water_fire, layout_loops_ring,
          ebering_ecumenical_altar_petrified
D:2:      cheibrodos_greedy_goblins, layout_rooms, basic_altar
D:3:      layout_basic, jmf_multi_god_temple2, uniq_crazy_yiuf_cottage,
          uniq_sigmund

Skill      XL: |  1  2  3  4  5  6 |
---------------+-------------------+-----
Shields        | 3 4 5 |  5.1
Dodging        | 1 3 4 |  4.1
Fighting       | |  2.4
Short Blades   | |  2.0
Armour         | |  2.4

Action                   |  1- 3 |  4- 6 || total
-------------------------+-------+-------++-------
Melee: Dagger            |   130 |   161 ||   291
       Rapier            |     1 |       ||     1
  Use: Scroll            |     2 |     3 ||     5
       Potion            |       |     3 ||     3
Armor: Scale mail        |    53 |    68 ||   121
Dodge: Dodged            |    43 |    70 ||   113
Block: Buckler           |    25 |    36 ||    61
